 Dungeon Crawl Stone Soup version 0.20-a0-1016-g241539b (webtiles) character file.

62013 w00t the Basher (level 15, -13/141 HPs)
             Began as a Gargoyle Fighter on Apr 15, 2017.
             Was the Champion of the Shining One.
             Killed from afar by a fire dragon (30 damage)
             ... with a blast of flame
             ... on level 6 of the Lair of Beasts.
             The game lasted 00:41:27 (27626 turns).

w00t the Basher (Gargoyle Fighter)                 Turns: 27626, Time: 00:41:27

Health: -13/141    AC: 34    Str: 23    XL:     15   Next: 4%
Magic:  0/20       EV:  2    Int: 16    God:    the Shining One [******]
Gold:   1384       SH: 18    Dex: 13    Spells: 14/14 levels left

rFire    . . .     SeeInvis .   b - +2 mace (protect)
rCold    . . .     Gourm    .   d - +0 shield
rNeg     + + +     Faith    .   (armour currently unavailable)
rPois    ∞         Spirit   +   (helmet currently unavailable)
rElec    .         Reflect  .   (cloak currently unavailable)
rCorr    .         Harm     .   (gloves currently unavailable)
MR       +....     Clarity  +   (boots currently unavailable) Stlth +.........NoTele +
                                I - amulet of guardian spirit {Spirit}
Regen    0.4/turn               E - +6 ring of intelligence
MPRegen  0.2/turn               k - +2 ring of strength

@: divine shield, tree-form, protection aura, glowing
A: clarity, mutation resistance 1, negative energy resistance 1, petrification
resistance, rot immunity, AC +11
a: Divine Shield, Cleansing Flame, Summon Divine Warrior, Brand Weapon With Holy
Wrath, Renounce Religion


You were on level 6 of the Lair of Beasts.
You worshipped the Shining One.
The Shining One was exalted by your worship.
You were hungry.
You were a tree.
You visited 3 branches of the dungeon, and saw 19 of its levels.
You also visited: Ice Cave.

You collected 1384 gold pieces.

Inventory:

Hand Weapons
 a - a +2 mace of venom
 b - a +2 mace of protection (weapon)
 t - a +2 dire flail of holy wrath
 M - a +2 vampiric war axe
Missiles
 h - 32 stones
 s - 24 tomahawks (quivered)
Armour
 d - a +0 shield (worn)
 A - a +1 hat (melded)
 D - a +1 pair of boots (melded)
 F - a +0 pair of gloves (melded)
 K - a +0 cloak (melded)
 N - a +0 plate armour (melded)
Jewellery
 k - a +2 ring of strength (right branch)
 E - a +6 ring of intelligence (left branch)
 I - an amulet of guardian spirit (around neck) {Spirit}
 J - an uncursed ring of magical power {unknown}
 L - a +2 ring of protection {unknown}
Wands
 c - a wand of confusion (27/48)
 m - a wand of scattershot (2/9)
 n - a wand of polymorph (16/24)
 r - a wand of confusion (32/48)
Scrolls
 g - 9 scrolls of remove curse {@r2}
 i - 7 scrolls of identify {@r1}
 o - 5 scrolls of blinking {!r}
 x - 2 scrolls of fog
 y - 5 scrolls of fear
 B - 4 scrolls of teleportation
Potions
 e - 2 potions of brilliance
 u - a potion of magic {unknown}
 C - 2 potions of cancellation
 G - 3 potions of resistance
 H - a potion of heal wounds {unknown}
 P - 3 potions of lignification {!q}
Books
 l - a book of Geomancy

   Spells                             Type                      Level
   a - Sandblast                      Earth                        1
   b - Passwall                       Transmutation/Earth          2
   c - Stone Arrow                    Conjuration/Earth            3
   d - Petrify                        Transmutation/Earth          4
   e - Lee's Rapid Deconstruction     Earth                        5
 p - a book of Debilitation

   Spells                             Type                      Level
   a - Corona                         Hexes                        1
   b - Slow                           Hexes                        2
   c - Inner Flame                    Hexes/Fire                   3
   d - Portal Projectile              Hexes/Translocation          3
   e - Cause Fear                     Hexes                        4
   f - Leda's Liquefaction            Hexes/Earth                  4
Miscellaneous
 v - a phial of floods
Comestibles
 f - 9 bread rations
 j - 5 royal jellies
 q - 8 meat rations
 w - 33 fruits


   Skills:
 + Level 11.0 Fighting
 - Level 14.8 Maces & Flails
 - Level 11.9 Armour
 - Level 11.0 Dodging
 - Level 3.2 Shields
 - Level 7.2 Invocations
 - Level 6.1 Evocations


You had 14 spell levels left.
You didn't know any spells.

Dungeon Overview and Level Annotations

Branches:
Dungeon (12/15)            Temple (1/1) D:6            Lair (6/6) D:10
  Swamp (0/4) Lair:3       Spider (0/4) Lair:3        Slime (0/5) Lair:5
    Orc (0/2) D:11

Altars:
Ashenzari
Cheibriados
Dithmenos
Elyvilon
Fedhas
Gozag
Hepliaklqana
Kikubaaqudgha
Makhleb
Nemelex Xobeh
Okawaru
Qazlal
Ru
Sif Muna
Trog
Uskayaw
Wu Jian
Xom
Yredelemnul
The Shining One
Jiyva

Annotations:
D:5 exclusion: downstairs
D:7 exclusion: downstairs
D:8 exclusion: downstairs
D:9 exclusion: downstairs
D:10 exclusion: downstairs
Lair:5 exclusion: oklob plant


Innate Abilities, Weirdness & Mutations

You are resistant to torment.
((Your stone body is resilient. (AC +11)))
You are immune to poison.
((Your large and strong wings let you fly indefinitely.))
You resist negative energy. (rN+)
((You are resistant to electric shocks. (rElec)))
((You can survive without breathing.))
You are immune to petrification.
You are immune to rotting.
((You have sharp toenails.))
You possess an exceptional clarity of mind.
You are somewhat resistant to further mutation.


Message History

The swamp dragon tramples you but does no damage.
You sock the swamp dragon!
The swamp dragon is moderately wounded.
You block the swamp dragon's attack. x2
The swamp dragon tramples you but does no damage.
You hit the swamp dragon.
The swamp dragon is moderately wounded.
You sock the fire dragon!
The fire dragon is moderately wounded.
You barely miss the fire dragon.
The fire dragon is moderately wounded.
You block the fire dragon's attack. x2
The fire dragon tramples you but does no damage.
Your shield prevents you from hitting the fire dragon.
The fire dragon is moderately wounded.
You completely miss the fire dragon.
The fire dragon is moderately wounded.
The fire dragon breathes flames at you. The blast of flame hits you!
You die...

♣.≈≈≈≈.$§%♣♣..≈.P..♣
#....###.
♣≈≈≈≈≈.♣♣♣♣..≈≈≈♣♣.♣♣
##.P.#.#. ♣≈≈D≈.≈.
♣..≈♣♣≈≈♣..♣ #........
♣.≈≈D≈≈♣♣♣≈≈..♣♣≈.♣♣♣
######...
♣.≈≈≈≈.♣♣≈≈..♣♣♣≈†♣.♣
######..
♣.≈≈≈.♣♣.≈≈..♣.♣♣..♣♣
#..##P.#
♣.≈≈..≈♣♣♣≈.D♣..♣.≈≈♣
###......
♣≈.≈≈.♣♣≈≈.♣♣D.♣♣♣≈.♣
#........
♣♣..≈≈≈≈≈..♣..♣♣♣.≈♣♣
#........
♣..P≈≈≈..♣♣♣♣.♣♣.≈♣♣
#........ ♣♣..♣.≈P♣♣
♣♣♣♣≈≈≈♣♣#........
♣♣♣♣♣♣♣♣
###..≈.≈P#...#.#..
########...........####..
#...................#....
##.......................
#..P....................
###......##.............


You could see a fire dragon and a swamp dragon.

Vanquished Creatures
  4 hydras
  A catoblepas (Lair:6)
  A centaur warrior (D:12)
  The ghost of Zanpakuto the Evangelist, a novice HOFi of Beogh (D:11)
  6 two-headed ogres
  11 death yaks
  Nergalle (D:11)
  3 lindwurms
  2 manticores (Lair:6)
  3 ugly things
  A cyclops (D:9)
  5 black mambas
  13 spiny frogs
  A torpor snail (Lair:6)
  10 komodo dragons
  3 rime drakes (Lair:6)
  2 trolls
  15 dream sheep
  Grinder (D:6)
  Prince Ribbit (D:5)
  14 blink frogs (Lair:6)
  9 hippogriffs
  Sigmund (D:3)
  A spriggan (D:7)
  40 yaks
  4 basilisks
  3 wyverns
  A steam dragon (Lair:6)
  3 hungry ghosts
  20 water moccasins
  2 acid dragons (Lair:6)
  10 porcupines
  Duvessa (D:7)
  2 black bears
  18 ice beasts
  6 sky beasts
  7 orc warriors
  4 swamp drakes
  A phantom (D:10)
  46 wolves
  9 ogres
  A centaur (D:5)
  9 crocodiles
  Blork the orc (D:5)
  21 bullfrogs
  A gnoll sergeant (D:10)
  Dowan (D:7)
  10 scorpions
  A wyvern skeleton (D:7)
  14 killer bees
  9 wights
  3 howler monkeys (D:8)
  4 crimson imps
  2 centaur zombies
  A quasit (Temple)
  11 orc priests
  2 bullfrog zombies (D:8)
  5 hounds
  5 gnoll shamans (D:10)
  12 orc wizards
  3 bullfrog skeletons
  A centaur skeleton (D:9)
  5 iguanas
  Ijyb (D:2)
  10 worker ants
  2 worker ant zombies
  20 gnolls
  6 adders
  4 shadow imps
  An adder skeleton (D:4)
  2 worms
  2 dart slugs
  4 leopard geckos
  85 orcs
  A ball python (D:3)
  11 bats
  5 giant cockroaches
  12 goblins
  7 hobgoblins
  8 jackals
  7 kobolds
  7 quokkas
  7 frilled lizards
  2 giant cockroach zombies
  A leopard gecko skeleton (D:7)
  A quokka skeleton (D:6)
  11 rats
626 creatures vanquished.

Vanquished Creatures (others)
  Fannar (D:11)
  An iguana (Lair:6)
  12 fungi
  22 plants
36 creatures vanquished.

Grand Total: 662 creatures vanquished

Notes
Turn   | Place    | Note
-------+----------+-------------------------------------------
     0 | D:1      | w00t the Gargoyle Fighter began the quest for the Orb.
     0 | D:1      | Reached XP level 1. HP: 14/14 MP: 1/1
   452 | D:1      | Reached XP level 2. HP: 19/19 MP: 2/2
   592 | D:1      | Reached skill level 3 in Maces & Flails
   948 | D:2      | Reached XP level 3. HP: 23/23 MP: 3/3
  1231 | D:2      | Noticed Ijyb
  1252 | D:2      | Killed Ijyb
  1252 | D:2      | Reached skill level 4 in Maces & Flails
  1252 | D:2      | Reached XP level 4. HP: 24/28 MP: 4/4
  1346 | D:2      | Found a stormy altar of Qazlal.
  2107 | D:3      | Reached skill level 5 in Maces & Flails
  2150 | D:3      | Reached XP level 5. HP: 32/32 MP: 5/5
  2439 | D:3      | Noticed Sigmund
  2455 | D:3      | Killed Sigmund
  2455 | D:3      | Reached skill level 6 in Maces & Flails
  2455 | D:3      | Reached XP level 6. HP: 10/37 MP: 6/6
  2702 | D:3      | Found a sacrificial altar of Ru.
  2744 | D:3      | Found a hide-covered altar of Uskayaw.
  3080 | D:4      | Reached skill level 7 in Maces & Flails
  3347 | D:4      | Reached XP level 7. HP: 40/41 MP: 7/7
  3413 | D:4      | Reached skill level 1 in Dodging
  4111 | D:5      | Entered Level 5 of the Dungeon
  4165 | D:5      | Noticed Blork the orc
  4182 | D:5      | Killed Blork the orc
  4266 | D:5      | Found a deep blue altar of Sif Muna.
  4268 | D:5      | Found a snail-covered altar of Cheibriados.
  4268 | D:5      | Found a shimmering altar of Xom.
  4270 | D:5      | Found a glowing golden altar of the Shining One.
  4270 | D:5      | Found a white marble altar of Elyvilon.
  4270 | D:5      | Found a sparkling altar of Nemelex Xobeh.
  4436 | D:5      | Noticed Prince Ribbit
  4454 | D:5      | Killed Prince Ribbit
  4454 | D:5      | Reached XP level 8. HP: 22/48 MP: 8/8
  4738 | D:5      | Found a burning altar of Makhleb.
  4797 | D:5      | Reached skill level 5 in Fighting
  4942 | D:5      | Found an iron altar of Okawaru.
  5099 | D:5      | Found a sparkling altar of Nemelex Xobeh.
  5446 | D:6      | Reached skill level 5 in Dodging
  5882 | D:6      | Reached XP level 9. HP: 41/55 MP: 9/9
  6052 | D:6      | Found a deep blue altar of Sif Muna.
  6156 | D:6      | Noticed Grinder
  6169 | D:6      | Killed Grinder
  6444 | D:6      | Found a staircase to the Ecumenical Temple.
  6465 | D:6      | Gained mutation: You possess an exceptional clarity of mind. [potion of mutation]
  6465 | D:6      | Gained mutation: You are somewhat resistant to further mutation. [potion of mutation]
  6465 | D:6      | Gained mutation: You have sharp toenails. [potion of mutation]
  6538 | Temple   | Entered the Ecumenical Temple
  6557 | Temple   | Became a worshipper of the Shining One
  7596 | D:7      | Noticed Dowan
  7598 | D:7      | Noticed Duvessa
  7609 | D:7      | Killed Duvessa
  7620 | D:7      | Killed Dowan
  7948 | D:7      | Reached skill level 5 in Armour
  8413 | D:7      | Reached XP level 10. HP: 61/63 MP: 10/10
  8681 | D:8      | Reached * piety under the Shining One
  8812 | D:8      | Found a shattered altar of Ashenzari.
  9405 | D:8      | Noticed a two-headed ogre
  9418 | D:8      | Killed a two-headed ogre
  9418 | D:8      | Reached skill level 10 in Armour
  9824 | D:8      | Noticed a two-headed ogre
 10172 | D:8      | HP: 1/63 [two-headed ogre/giant club (14)]
 10179 | D:8      | Killed a two-headed ogre
 10728 | D:9      | Found a blossoming altar of Fedhas.
 10731 | D:9      | Noticed a two-headed ogre
 10915 | D:9      | Reached ** piety under the Shining One
 10917 | D:9      | Reached XP level 11. HP: 42/67 MP: 7/11
 11430 | D:9      | Found a shimmering altar of Xom.
 11448 | D:9      | Noticed a cyclops
 11467 | D:9      | Killed a cyclops
 11467 | D:9      | Reached skill level 8 in Maces & Flails
 11755 | D:9      | Killed a two-headed ogre
 11813 | D:9      | Found a shadowy altar of Dithmenos.
 11862 | D:10     | Entered Level 10 of the Dungeon
 12031 | D:10     | Noticed a death yak
 12069 | D:10     | Killed a death yak
 12069 | D:10     | Reached skill level 9 in Maces & Flails
 12196 | D:10     | Found a staircase to the Lair.
 12196 | D:10     | Noticed a death yak
 12196 | D:10     | Noticed a death yak
 12197 | D:10     | Noticed a death yak
 12197 | D:10     | Noticed a death yak
 12199 | D:10     | Noticed a death yak
 12199 | D:10     | Reached *** piety under the Shining One
 12199 | D:10     | Noticed a death yak
 12218 | D:10     | Killed a death yak
 12236 | D:10     | Killed a death yak
 12236 | D:10     | Reached skill level 10 in Maces & Flails
 12301 | D:9      | Killed a death yak
 12834 | D:9      | Killed a death yak
 12834 | D:9      | Reached skill level 11 in Maces & Flails
 13346 | D:10     | Reached XP level 12. HP: 72/72 MP: 12/12
 13786 | D:10     | Killed a death yak
 13786 | D:10     | Reached skill level 12 in Maces & Flails
 13812 | D:10     | Killed a death yak
 14435 | D:11     | Noticed Nergalle
 14770 | D:11     | Reached **** piety under the Shining One
 14770 | D:11     | Noticed Zanpakuto's ghost (novice HOFi)
 14780 | D:11     | Killed Nergalle
 14939 | D:11     | Noticed a two-headed ogre
 14958 | D:11     | Killed a two-headed ogre
 14958 | D:11     | Reached skill level 13 in Maces & Flails
 15075 | D:11     | Noticed a two-headed ogre
 15087 | D:11     | Killed a two-headed ogre
 15266 | D:11     | Killed Zanpakuto's ghost
 15319 | D:11     | Found a staircase to the Orcish Mines.
 15370 | D:11     | Noticed Fannar
 15471 | D:11     | Killed Fannar
 15939 | D:11     | Reached skill level 14 in Maces & Flails
 16181 | D:11     | Noticed a two-headed ogre
 16191 | D:11     | Killed a two-headed ogre
 16297 | D:12     | Noticed a centaur warrior
 16311 | D:12     | Killed a centaur warrior
 16421 | D:12     | Found a hazy altar of Hepliaklqana.
 16741 | Lair:1   | Entered Level 1 of the Lair of Beasts
 16749 | Lair:1   | Found a frozen archway.
 16790 | Lair:1   | Reached XP level 13. HP: 70/76 MP: 13/13
 16838 | IceCv    | Entered an ice cave
 16888 | IceCv    | HP: 3/78 [white ugly thing (20)]
 18394 | Lair:2   | Reached skill level 10 in Fighting
 18850 | Lair:2   | Reached ***** piety under the Shining One
 19496 | Lair:3   | Found a hole to the Spider Nest.
 19934 | Lair:3   | Found a stormy altar of Qazlal.
 19991 | Lair:3   | Found a staircase to the Swamp.
 21935 | Lair:5   | Reached skill level 10 in Dodging
 22322 | Lair:5   | Found a viscous altar of Jiyva.
 22322 | Lair:5   | Found a staircase to the Slime Pits.
 22327 | Lair:5   | Gained mutation: Your large and strong wings let you fly indefinitely. [Gargoyle growth]
 22327 | Lair:5   | Reached XP level 14. HP: 88/88 MP: 14/14
 23214 | Lair:6   | Entered Level 6 of the Lair of Beasts
 23644 | Lair:6   | Reached skill level 1 in Invocations
 24099 | Lair:6   | Reached skill level 5 in Invocations
 25229 | Lair:6   | Reached skill level 1 in Evocations
 25879 | Lair:6   | Reached ****** piety under the Shining One
 26313 | Lair:6   | Reached skill level 5 in Evocations
 27227 | Lair:6   | Reached XP level 15. HP: 84/93 MP: 20/20
 27617 | Lair:6   | The Shining One protects you from harm!
 27626 | Lair:6   | Killed from afar by a fire dragon

Vault maps used:
D:1:      dpeg_arrival_tiny_b
D:2:      kennysheep_the_goblin_king, lemuel_coloured_pillars_altar
D:3:      nicolae_ru_great_annihilating_truth, old_standard_altar,
          feat_on_display, uniq_sigmund
D:5:      nicolae_overflow_hidden_temple, nicolae_overflow_crystal_walls,
          okawaru_gym_becter, first_bread, minmay_misc_feat_iff,
          doesnt_xom_only_xom, uniq_blork_the_orc, uniq_prince_ribbit1
D:6:      tgw_sif, minmay_temple_entry_statues, uniq_grinder
D:7:      the_bakery, uniq_duvessa
D:8:      evilmike_ruin_ashenzari
D:9:      lemuel_crystal_altar, kennysheep_little_box, lemuel_crystal_altar
D:10:     kennysheep_seaside_town, dpeg_lair_monsters
D:11:     erik_orc_1, hangedman_abyss_or_decor_lesser_grid,
          minmay_misc_feat_chi, uniq_nergalle, uniq_fannar
D:12:     serial_shops, shop, basic_altar
Temple:   compressed_dpeg_triangle_lava_temple
Lair:1:   portal_ice_cave_entry_ice_beasts, serial_bayou_pond_e
Lair:2:   grunt_megastairs_3, serial_bayou_shore_b
Lair:3:   swamp_mist, nicolae_spider_entry_non_spiders, basic_altar,
          lemuel_fruit_tree, infiniplex_staircase_pool_2
Lair:4:   infiniplex_staircase_pool
Lair:5:   slime_altar_1, st_stairs_9, serial_bayou_pond_d
Lair:6:   hangedman_lair_in_review, guppyfry_lair_end_dragon, st_stairs_12,
          grunt_forest_large_clearings
IceCv:    ice_cave_statue_garden_teleport

Skill      XL: |  1  2  3  4  5  6  7  8  9 10 11 12 13 14 15 |
---------------+----------------------------------------------+-----
Maces & Flails | 3 4 5 6 7 11 14 | 14.8
Dodging        | 3 5 7 10 11 | 11.0
Fighting       | 4 6 7 10 11 | 11.0
Armour         | 6 11 | 11.9
Invocations    | 7 |  7.2
Evocations     | 6 |  6.1
Shields        | |  3.2

Action                   |  1- 3 |  4- 6 |  7- 9 | 10-12 | 13-15 || total
-------------------------+-------+-------+-------+-------+-------++-------
Melee: Flail             |   118 |   100 |       |       |       ||   218
       Mace              |       |    62 |   367 |  1002 |  1831 ||  3262
Throw: Stone             |    55 |   127 |    61 |   103 |   168 ||   514
       Javelin           |       |       |    68 |    88 |    22 ||   178
       Tomahawk          |       |       |       |       |    73 ||    73
Invok: Divine Shield     |       |       |       |     3 |     2 ||     5
 Abil: Fly               |       |       |       |       |     1 ||     1
       Stop Flying       |       |       |       |       |     1 ||     1
  Use: Potion            |       |       |     7 |     4 |     5 ||    16
       Scroll            |       |       |       |    14 |     5 ||    19
 Stab: Distracted        |       |       |     1 |       |       ||     1
  Eat: Chunk             |     1 |     7 |    12 |    29 |    29 ||    78
       Bread ration      |       |       |     1 |     2 |     2 ||     5
Armor: Scale mail        |    68 |   111 |   193 |   113 |       ||   485
       Plate armour      |       |       |       |   457 |  1088 ||  1545
       Skin              |       |       |       |       |     4 ||     4
Dodge: Dodged            |    43 |    73 |   180 |   306 |   592 ||  1194
Block: Shield            |    76 |    82 |   187 |   439 |   839 ||  1623
